 Dungeon Sprint DCSS version 0.17-a0-1748-g222fba8 (webtiles) character file.

434 KambridgeKobold the Fighter (level 7, -12/78 HPs)
             Began as a Hill Orc Monk on Sept 1, 2015.
             Was a Believer of Okawaru.
             Shot with an arrow by a centaur warrior (26 damage)
             ... in the Dungeon (Sprint I: "Red Sonja").
             The game lasted 00:02:14 (750 turns).

KambridgeKobold the Fighter (Hill Orc Monk)          Turns: 750, Time: 00:02:15

Health: -12/78     AC:  2    Str: 14    XL:     7   Next: 0%
Magic:  7/7        EV: 13    Int: 10    God:    Okawaru [**....]
Gold:   193        SH:  0    Dex: 15    Spells: 0 memorised, 6 levels left

rFire  . . .     SeeInvis .     e - +2 spear (pierce)
rCold  . . .     Clarity  .     a - +0 robe
rNeg   . . .     SustAt   .     (no shield)
rPois  .         Gourm    .     (no helmet)
rElec  .         Spirit   .     (no cloak)
rCorr  .         Warding  .     (no gloves)
rMut   .         NoTele   +     (no boots)
MR     .....                    (no amulet)
Stlth  ++........               (no ring)
                                (no ring)

@: not resistant to hostile enchantments, unstealthy
A: no striking features
a: Heroism, Renounce Religion


You were in the Dungeon.
You worshipped Okawaru.
Okawaru was pleased with you.
You were not hungry.

You visited 1 branch You collected 297 gold pieces.
You spent 104 gold pieces at shops.

Inventory:

Hand weapons
 e - a +2 spear of piercing (weapon)
Armour
 a - a +0 robe (worn)
Scrolls
 h - a scroll of blinking
 i - a scroll of enchant armour
 j - a scroll of identify
Potions
 c - a potion of curing
 d - a potion of heal wounds
 f - 2 potions of magic
 g - a potion of berserk rage
Comestibles
 b - a bread ration


   Skills:
 - Level 12.7 Fighting
 * Level 6.7 Polearms
 - Level 2.4 Dodging
 - Level 1.5 Stealth
 - Level 9.3 Unarmed Combat


You had 6 spell levels left.
You didn't know any spells.

Dungeon Overview and Level Annotations

Branches:
Dungeon (1/1)

Altars:
Elyvilon
Gozag
Kikubaaqudgha
Makhleb
Nemelex Xobeh
Okawaru
Qazlal
Ru
Sif Muna
Trog
Vehumet
Xom
Yredelemnul
Zin
The Shining One

Shops:
D ?


Message History

The centaur warrior wields a longbow.
The centaur warrior shoots an arrow.
The arrow hits you!
You see here an arrow.
The centaur warrior unwields an uncursed longbow.
The centaur warrior hits you.
The centaur warrior unwields an uncursed longbow.
The centaur warrior misses you.
There is an open door here.
The centaur warrior hits you.
You see here a robe.
You hit the centaur warrior but do no damage.
You hit the centaur warrior.
The centaur warrior is lightly wounded.
The centaur warrior barely misses you.
The centaur warrior wields an uncursed longbow.
The centaur warrior shoots an arrow.
The arrow hits you!!
* * * LOW HITPOINT WARNING * * *
The centaur warrior wields an uncursed longbow.
The centaur warrior shoots an arrow.
The arrow hits you!!
You die...

################
#<.#..').#.)'..#
#..'[.#..'..#..+
#..#####'#####'# #
#..####..#...#@####§§#
#..#__####..##[#§≈≈§§#
#..#_..__##'#(cc≈§§.§
#⌠⌠#_.∩...'...§#§≈§§.#
####_..._##_.#'##+####
#_____###+#.# #######
###


You could see 2 centaur warriors.

Vanquished Creatures
  Sigmund (D)
  A yak (D)
  An ogre (D)
  A jelly (D)
  Ijyb (D)
5 creatures vanquished.

Vanquished Creatures (others)
  A gargoyle (D)
1 creature vanquished.

Grand Total: 6 creatures vanquished

Notes
Turn   | Place    | Note
--------------------------------------------------------------
     0 | D        | KambridgeKobold the Hill Orc Monk began the quest for the Orb.
     0 | D        | Reached XP level 1. HP: 19/19 MP: 1/1
     1 | D        | Noticed Ijyb
    19 | D        | Killed Ijyb
    19 | D        | Reached skill level 6 in Fighting
    19 | D        | Reached skill level 5 in Unarmed Combat
    19 | D        | Reached XP level 2. HP: 3/31 MP: 2/2
    19 | D        | Reached XP level 3. HP: 3/38 MP: 3/3
   153 | D        | Killed a gargoyle
   305 | D        | Noticed an ogre
   313 | D        | Killed an ogre
   313 | D        | Reached skill level 9 in Fighting
   313 | D        | Reached XP level 4. HP: 5/51 MP: 4/4
   313 | D        | Reached XP level 5. HP: 5/58 MP: 5/5
   357 | D        | Noticed Sigmund
   364 | D        | Killed Sigmund
   364 | D        | Reached skill level 12 in Fighting
   364 | D        | Reached XP level 6. HP: 7/71 MP: 6/6
   676 | D        | Found a deep blue altar of Sif Muna.
   677 | D        | Noticed a jelly
   678 | D        | Found a radiant altar of Vehumet.
   684 | D        | Killed a jelly
   710 | D        | Found Xymaem's Magic Scroll Emporium.
   710 | D        | Found a white marble altar of Elyvilon.
   710 | D        | Found a stormy altar of Qazlal.
   710 | D        | Found a burning altar of Makhleb.
   710 | D        | Found a sacrificial altar of Ru.
   710 | D        | Found a basalt altar of Yredelemnul.
   710 | D        | Found a glowing golden altar of the Shining One.
   710 | D        | Found a sparkling altar of Nemelex Xobeh.
   710 | D        | Found a shimmering altar of Xom.
   710 | D        | Found an opulent altar of Gozag.
   710 | D        | Found an ancient bone altar of Kikubaaqudgha.
   710 | D        | Found a glowing silver altar of Zin.
   710 | D        | Noticed a yak
   720 | D        | Killed a yak
   720 | D        | Reached XP level 7. HP: 47/78 MP: 7/7
   721 | D        | Found an iron altar of Okawaru.
   722 | D        | Found a bloodstained altar of Trog.
   728 | D        | Bought a scroll of enchant armour for 82 gold pieces
   728 | D        | Bought a scroll of identify for 22 gold pieces
   730 | D        | Became a worshipper of Warmaster Okawaru
   730 | D        | Acquired Okawaru's first power
   741 | D        | Noticed a centaur warrior
   743 | D        | Noticed a centaur warrior
   750 | D        | Shot with an arrow by a centaur warrior

Vault maps used:
D:        dungeon_sprint_1

Action                   |  1- 3 |  4- 6 |  7- 9 || total
-------------------------+-------+-------+-------++-------
Melee: Unarmed           |    23 |     8 |       ||    31
       Spear             |       |    10 |     2 ||    12
  Use: Potion            |     1 |       |       ||     1
 Stab: Sleeping          |       |     2 |       ||     2
